 Dungeon Crawl Stone Soup version 0.26.1 (webtiles) character file.

Game seed: 6102092369098866793

48 Marvel the Ogre Mage (level 3, 0/31 HPs)
             Began as an Ogre Hedge Wizard on Feb 7, 2021.
             Slain by a jackal (1 damage)
             ... on level 3 of the Dungeon.
             The game lasted 00:04:34 (1799 turns).

Marvel the Ogre Mage (Ogre Hedge Wizard)            Turns: 1799, Time: 00:04:35

Health: 0/31       AC:  3    Str: 14    XL:     3   Next: 72%
Magic:  1/9        EV: 10    Int: 16    God:
Gold:   40         SH:  0    Dex:  8    Spells: 8/11 levels left

rFire    . . .     SeeInvis .   a - +0 dagger
rCold    . . .     Faith    .   (no shield)
rNeg     . . .     Spirit   .   b - +0 robe
rPois    .         Reflect  .   c - +0 hat
rElec    .         Harm     .   (no cloak)
rCorr    .         Rampage  .   (gloves unavailable)
Will     .....                  (boots unavailable)
Stlth    +.........             (no amulet)
HPRegen  0.10/turn              d - ring of wizardry
MPRegen  0.11/turn              (no ring)

@: no status effects
A: large, unfitting armour, tough skin 1
a: no special abilities


You were on level 3 of the Dungeon.
You visited 1 branch of the dungeon, and saw 3 of its levels.

You collected 40 gold pieces.

Inventory:

Hand Weapons
 a - a +0 dagger (weapon)
Armour
 b - a +0 robe (worn)
 c - a +0 hat (worn)
Jewellery
 d - a ring of wizardry (left hand)
Scrolls
 g - 2 scrolls of identify {unknown}
 i - 4 scrolls of amnesia {unknown}
 j - a scroll of enchant armour {unknown}
 k - a scroll of magic mapping {unknown}
 l - a scroll of remove curse {unknown}
Potions
 e - a potion of curing {unknown}
 f - 2 potions of flight {unknown}
 h - a potion of cancellation {unknown}


   Skills:
 + Level 0.2 Fighting
 + Level 2.2 Dodging
 - Level 1.4 Stealth
 + Level 4.6 Spellcasting
 + Level 1.4 Conjurations
 + Level 0.8 Summonings
 + Level 0.8 Translocations


You had 8 spell levels left.
You knew the following spells:

 Your Spells              Type           Power        Failure   Level
a - Magic Dart            Conj           32%          3%          1
b - Call Imp              Summ           6%           7%          2

Your spell library contained the following spells:

 Spells                   Type           Power        Failure   Level
 Blink                    Tloc           N/A          7%          2
 Slow                     Hex            3%           10%         2
 Conjure Flame            Conj/Fire      6%           14%         3
 Mephitic Cloud           Conj/Pois/Air  5%           16%         3


Dungeon Overview and Level Annotations

Branches:
Dungeon (3/15)

Altars:

Annotations:
D:1 Robin


Innate Abilities, Weirdness & Mutations

You are too large for most types of armour.
You have tough skin. (AC +1)


Message History

* * * LOW HITPOINT WARNING * * *
The jackal bites you.
* * * LOW HITPOINT WARNING * * *
You closely miss the jackal.
The jackal is moderately wounded.
The jackal bites you but does no damage.
You hit the jackal.
The jackal is severely wounded.
The jackal barely misses you.
You hit the jackal but do no damage.
The jackal is severely wounded.
The jackal bites you but does no damage. x2
You hit the jackal.
The jackal is almost dead.
The jackal bites you.
* * * LOW HITPOINT WARNING * * *
You barely miss the jackal.
The jackal is almost dead.
The jackal bites you.
You die...

#.......<.#
#.........#
#.........#
#.........#
#.)....<.#
#....†...#
#.......(#
###.######
#@# #.h...#
#####.#


You could see a jackal.

Vanquished Creatures
  2 oozes
  2 leopard geckos (D:1)
  A giant cockroach (D:2)
  7 goblins
  3 hobgoblins
  5 jackals
  4 kobolds (D:1)
  2 quokkas (D:2)
  A bat (D:2)
  4 frilled lizards
  2 rats
33 creatures vanquished.

Notes
Turn   | Place    | Note
-------+----------+-------------------------------------------
     0 | D:1      | Marvel the Ogre Hedge Wizard began the quest for the Orb.
     0 | D:1      | Reached XP level 1. HP: 16/16 MP: 5/5
   305 | D:1      | Reached skill level 4 in Spellcasting
   305 | D:1      | Reached XP level 2. HP: 24/24 MP: 2/7
   654 | D:1      | Reached skill level 1 in Conjurations
   869 | D:2      | Reached XP level 3. HP: 5/31 MP: 3/8
  1496 | D:2      | Noticed Robin
  1563 | D:1      | Learned a level 2 spell: Call Imp
  1794 | D:3      | HP: 1/31 [jackal (1)]
  1799 | D:3      | Slain by a jackal

Illustrated notes

Levels and vault maps discovered:
D:1:      lightli_arrival_windingriver, layout_basic
D:2:      layout_rooms, nicolae_tso_swordbearing_angel, uniq_robin
D:3:      layout_rooms, lemuel_coloured_pillars_altar

Skill      XL: |  1  2 |
---------------+-------+-----
Dodging        | 2 |  2.2
Spellcasting   | 4 |  4.6
Conjurations   | 1 |  1.4
Fighting       | |  0.2
Stealth        | |  1.4
Summonings     | |  0.8
Translocations | |  0.8

Action                   || total
-------------------------++-------
Melee: Dagger            ||    54
 Cast: Magic Dart        ||    79
       Call Imp          ||     4
 Stab: Sleeping          ||     6
Armor: Robe              ||    22
Dodge: Dodged            ||    43
